 Dungeon Crawl Stone Soup version 0.23-a0-488-g5fd82c5 (webtiles) character file.

259 theanonym the Cudgeler (level 5, -21/38 HPs)
             Began as a Mummy Warper on Dec 1, 2018.
             Demolished by an ogre
             ... wielding a +0 giant spiked club
              (30 damage)
             ... on level 3 of the Dungeon.
             The game lasted 00:08:46 (5408 turns).

theanonym the Cudgeler (Mummy Warper)               Turns: 5408, Time: 00:08:47

Health: -21/38     AC:  9    Str: 15    XL:     5   Next: 95%
Magic:  18/18      EV:  6    Int: 13    God:
Gold:   254        SH:  0    Dex: 11    Spells: 9/9 levels left

rFire    x . .     SeeInvis +   a - +0 morningstar
rCold    + . .     Gourm    .   (no shield)
rNeg     + + +     Faith    .   k - +1 chain mail
rPois    ∞         Spirit   .   h - +0 mask of the Dragon {MR+ Slay+3 SInv}
rElec    .         Reflect  .   (no cloak)
rCorr    .         Harm     .   (no gloves)
MR       +....                  (no boots)
Stlth    ..........             (no amulet)
HPRegen  0.12/turn              l - ring of stealth
MPRegen  0.16/turn              e - ring of magical power

@: no status effects
A: no food or potions, fire vulnerability, cold resistance 1, negative energy
resistance 3, torment resistance, unbreathing
a: no special abilities


Innate Abilities, Weirdness & Mutations

You do not eat or drink.
Your flesh is vulnerable to fire.
You are immune to poison.
Your flesh is cold resistant. (rC+)
You are immune to negative energy. (rN+++)
You are immune to unholy pain and torment.
You can survive without breathing.


   Skills:
 - Level 2.0 Fighting
 + Level 5.2 Maces & Flails
 - Level 0.7 Throwing
 - Level 0.7 Armour
 - Level 1.5 Dodging
 - Level 2.6 Spellcasting
   Level 2.4 Translocations


You had 9 spell levels left.
You didn't know any spells.
Your spell library contained the following spells:

 Spells                   Type           Power        Failure   Level  Hunger
 Blink                    Tloc           N/A          97%         2    N/A
 Shroud of Golubria       Chrm/Tloc      #.........   99%         2    N/A
 Gell's Gravitas          Tloc           #.........   99%         3    N/A
 Lesser Beckoning         Tloc           #.........   99%         3    N/A
 Teleport Other           Tloc           #.......     99%         3    N/A
 Passage of Golubria      Tloc           N/A          100%        4    N/A

Skill      XL: |  1  2  3  4  5 |
---------------+----------------+-----
Maces & Flails | 2 3 4 5 |  5.2
Fighting       | |  2.0
Throwing       | |  0.7
Armour         | |  0.7
Dodging        | |  1.5
Spellcasting   | |  2.6
Translocations | |  2.4

Action                   |  1- 3 |  4- 6 || total
-------------------------+-------+-------++-------
Melee: Mace              |   149 |   185 ||   334
       Morningstar       |       |     6 ||     6
Throw: Tomahawk          |       |     5 ||     5
  Use: Scroll            |       |     9 ||     9
Armor: Leather armour    |    44 |       ||    44
       Chain mail        |       |   134 ||   134
Dodge: Dodged            |   107 |    67 ||   174

Inventory:

Hand Weapons
 a - a +0 morningstar (weapon)
   (You found it on level 4 of the Dungeon)
Armour
 h - the +0 mask of the Dragon (worn) {MR+ Slay+3 SInv}
   (You found it on level 4 of the Dungeon)

   It affects your accuracy and damage with ranged weapons and melee attacks
   (+3).
   It affects your resistance to hostile enchantments.
   It lets you see invisible.
 k - a +1 chain mail (worn)
   (You found it on level 2 of the Dungeon)
Jewellery
 e - a ring of magical power (right hand)
   (You found it on level 3 of the Dungeon)
 l - a ring of stealth (left hand)
   (You found it on level 2 of the Dungeon)
Scrolls
 c - 2 scrolls of amnesia
 n - 3 scrolls of remove curse
 y - a scroll of magic mapping


You were on level 3 of the Dungeon.
You were not hungry.

You visited 1 branch of the dungeon, and saw 4 of its levels.

You collected 254 gold pieces.

Dungeon Overview and Level Annotations

Branches:
Dungeon (4/15)
 Temple: D:4-7

Altars:

Annotations:
D:3 1 runed door, Sigmund

#####..).###.####
####.#.## #.#### #.#
#.......# #.# #.#
#.#####.# #.#
##.#######.# #.# #####.#
#..........# #.# ......#
#..).#####.# #.# .######
#.##.# #!#####.# .#
#######.##.#####.......#
##
#...........@.#####...##
#.####..#####O#####!..#
#.# #..# #...<@....# #.#
#..# #######.>.#
#.####..# #...# ##
#.#..†..######### #...#
.#
#...............###@..#
.#
###.###...............#
.# #.# #########.###...#


You could see an ogre.

Notes
Turn   | Place    | Note
-------+----------+-------------------------------------------
     0 | D:1      | theanonym the Mummy Warper began the quest for the Orb.
     0 | D:1      | Reached XP level 1. HP: 16/16 MP: 4/4
    18 | D:1      | Reached skill level 2 in Maces & Flails
   258 | D:1      | Reached XP level 2. HP: 18/22 MP: 5/5
   828 | D:1      | Reached XP level 3. HP: 27/27 MP: 7/7
   908 | D:1      | Reached skill level 3 in Maces & Flails
  1084 | D:2      | HP: 13/27 [goblin/+0 dagger (1)]
  1091 | D:1      | HP: 12/27 [goblin/+0 dagger (2)]
  1281 | D:2      | HP: 12/27 [jackal (2)]
  1290 | D:2      | HP: 8/27 [rat (3)]
  1319 | D:2      | HP: 7/27 [rat (2)]
  1329 | D:2      | HP: 5/27 [rat (3)]
  1352 | D:2      | HP: 6/27 [rat (1)]
  1423 | D:2      | HP: 12/27 [rat (1)]
  1723 | D:1      | HP: 13/27 [gnoll/+0 whip (1)]
  1725 | D:1      | HP: 3/27 [gnoll/+0 whip (10)]
  2055 | D:2      | Reached XP level 4. HP: 32/33 MP: 8/8
  2278 | D:2      | HP: 10/33 [gnoll/+0 halberd (8)]
  2281 | D:2      | HP: 1/33 [gnoll/+0 halberd (9)]
  2901 | D:3      | HP: 16/33 [leopard gecko (3)]
  3274 | D:3      | Reached skill level 4 in Maces & Flails
  3298 | D:3      | HP: 16/33 [orc/+0 whip (3)]
  3385 | D:3      | Reached XP level 5. HP: 30/38 MP: 9/9
  3565 | D:3      | Found a runed door.
  3637 | D:3      | Noticed Sigmund
  3833 | D:4      | Found the +0 mask of the Dragon {MR+ Slay+3 SInv}
  3833 | D:4      | Noticed an ogre
  4237 | D:2      | HP: 8/38 [gnoll/+0 halberd (12)]
  4256 | D:2      | HP: 7/38 [gnoll/+0 halberd (3)]
  4863 | D:4      | HP: 10/38 [ogre/+0 giant spiked club (16)]
  4958 | D:4      | HP: 19/38 [adder (2)]
  4997 | D:4      | Noticed an ogre
  5004 | D:4      | HP: 9/38 [ogre/+0 giant spiked club (15)]
  5020 | D:4      | HP: 10/38 [ogre/+0 giant spiked club (1)]
  5022 | D:4      | Killed an ogre
  5022 | D:4      | Reached skill level 5 in Maces & Flails
  5378 | D:3      | HP: 6/38 [ogre/+0 giant spiked club (18)]
  5408 | D:3      | Demolished by an ogre

Vanquished Creatures
  An ogre (D:4)
  An orc wizard (D:3)
  2 gnolls
  An adder (D:4)
  A worm (D:3)
  3 dart slugs
  4 leopard geckos
  5 orcs (D:3)
  3 ball pythons
  4 bats
  3 giant cockroaches (D:1)
  9 goblins
  5 hobgoblins (D:1)
  12 jackals
  2 quokkas
  4 frilled lizards
  10 kobolds
  26 rats
96 creatures vanquished.

Table legend:
 A = Turns spent in this place as a percentage of turns spent in the entire game.
 B = Non-inter-level travel turns spent in this place as a percentage of non-inter-level travel turns spent in the entire game.
 C = Inter-level travel turns spent in this place as a percentage of turns spent in this place.
 D = Turns resting spent in this place as a percentage of non-inter-level travel turns spent in this place.
 E = Turns spent auto-exploring this place as a percentage of non-inter-level travel turns spent in this place.
 F = Non-inter-level travel turns spent in this place divided by the number of levels of this place that you've seen.
                   A       B       C       D       E      F
               +-------+-------+-------+-------+-------+----------------------
         Total | 100.0 | 100.0 |   8.5 |  46.6 |  32.1 | 1237.0
       Dungeon | 100.0 | 100.0 |   8.5 |  46.6 |  32.1 | 1237.0
               +-------+-------+-------+-------+-------+----------------------
